SAA
LANCASTER FARMERS @ ATLANTIC CITY SONICS
09/15/2029
 
TOP OF THE 1ST
Lancaster Farmers batting - Pitching for Atlantic City Sonics : RHP Lincoln Spooner
Pitching: RHP Lincoln Spooner
Batting: SHB Robert La Caze 0-0: Ball
1-0: Fly out, F7 (Line Drive, 7S)
Batting: RHB Woodrow Terrebonne 0-0: Called Strike
0-1: Ground out 5-3 (Groundball, 5S)
Batting: LHB Tullu Amaad 0-0: Called Strike
0-1: Foul Ball, location: 2F
0-2: Ball
1-2: Ground out U3 (Groundball, 34S)
Top of the 1st over - 0 runs, 0 hits, 0 errors, 0 left on base; Lancaster 0 - Atlantic City 0
BOTTOM OF THE 1ST
Atlantic City Sonics batting - Pitching for Lancaster Farmers : RHP Javier Contreras
Pitching: RHP Javier Contreras
Batting: LHB Ramón Garmendia 0-0: Ball
1-0: Ball
2-0: Swinging Strike
2-1: Called Strike
2-2: Strikes out swinging
Batting: RHB Jesús Guzmán 0-0: Called Strike
0-1: Ball
1-1: Ball
2-1: Ground out 6-3 (Groundball, 6)
Batting: RHB Eddie Sachs 0-0: Fly out, F5 (Line Drive, 56)
Bottom of the 1st over - 0 runs, 0 hits, 0 errors, 0 left on base; Lancaster 0 - Atlantic City 0
TOP OF THE 2ND
Lancaster Farmers batting - Pitching for Atlantic City Sonics : RHP Lincoln Spooner
Batting: RHB Gabe Cain 0-0: Ball
1-0: Ball
2-0: Fly out, F9 (Flyball, 9D)
Batting: LHB Mark Armstead 0-0: Ball
1-0: Ball
2-0: Foul Ball, location: 2F
2-1: Ball
3-1: Called Strike
3-2: Foul Ball, location: 2F
3-2: Strikes out swinging
Batting: LHB Pancho Farías 0-0: Called Strike
0-1: Ball
1-1: Swinging Strike
1-2: Strikes out swinging
Top of the 2nd over - 0 runs, 0 hits, 0 errors, 0 left on base; Lancaster 0 - Atlantic City 0
BOTTOM OF THE 2ND
Atlantic City Sonics batting - Pitching for Lancaster Farmers : RHP Javier Contreras
Batting: LHB Kelvin Abbott 0-0: Called Strike
0-1: Swinging Strike
0-2: SINGLE (Flyball, 8RS)
Batting: RHB Karl Blanke 0-0: Ball
1-0: Ball
2-0: Called Strike
2-1: Fly out, F8 (Line Drive, 8LD)
Batting: RHB José Rodríguez 0-0: Ball
1-0: Ball
2-0: Foul Ball, location: 2F
2-1: Reached on error, E5 (Groundball, 56)
Kelvin Abbott to second
Batting: RHB Alejandro Sánchez 0-0: Foul Ball, location: 2F
0-1: Ball
1-1: SINGLE (Groundball, 56D)
Kelvin Abbott to third
José Rodríguez to second
Runner from 3rd tries for Home, SAFE, no throw
Batting: RHB Randy Sheffield 0-0: Swinging Strike
0-1: Ball
1-1: Called Strike
1-2: Ground out 5-3 (Groundball, 56S)
José Rodríguez to third
Alejandro Sánchez to second
Batting: SHB Luchino Salimbeni 0-0: Called Strike
0-1: 3-RUN HOME RUN (Flyball, 9LD), Distance : 337 ft
Batting: LHB Ramón Garmendia 0-0: Ball
1-0: Foul Ball, location: 2F
1-1: Ground out 1-3 (Groundball, 13)
Bottom of the 2nd over - 4 runs, 3 hits, 1 error, 0 left on base; Lancaster 0 - Atlantic City 4
TOP OF THE 3RD
Lancaster Farmers batting - Pitching for Atlantic City Sonics : RHP Lincoln Spooner
Batting: RHB Cosmo Castanhedo 0-0: Foul Ball, location: 2F
0-1: Fly out, F8 (Flyball, 8RD)
Batting: SHB Sven Spee 0-0: SINGLE (Flyball, 89S)
Batting: RHB Juan Pedraza 0-0: Called Strike
0-1: Foul Ball, location: 2F
0-2: Strikes out swinging
Batting: SHB Robert La Caze 0-0: Ball
1-0: Swinging Strike
1-1: SINGLE (Groundball, 3D)
Sven Spee to second
Runner from 2nd tries for 3rd, SAFE, no throw
Batting: RHB Woodrow Terrebonne 0-0: Called Strike
0-1: Ball
1-1: Ball
2-1: Foul Ball, location: 2F
2-2: Fly out, F4 (Popup, 4S)
Top of the 3rd over - 0 runs, 2 hits, 0 errors, 2 left on base; Lancaster 0 - Atlantic City 4
BOTTOM OF THE 3RD
Atlantic City Sonics batting - Pitching for Lancaster Farmers : RHP Javier Contreras
Batting: RHB Jesús Guzmán 0-0: Ball
1-0: SINGLE (Line Drive, 4MD)
Batting: RHB Eddie Sachs 0-0: Foul Ball, location: 2F
0-1: Ball
1-1: Ball
2-1: Called Strike
2-2: Foul Ball, location: 2F
2-2: Ball
3-2: Base on Balls
Jesús Guzmán to second
Batting: LHB Kelvin Abbott 0-0: Ball
1-0: Ball
2-0: Fly out, F8 (Line Drive, 78D)
Batting: RHB Karl Blanke 0-0: Ball
1-0: Called Strike
Jesús Guzmán steals 3rd base
1-1: Ball
2-1: Foul Ball, location: 2F
2-2: Foul Ball, location: 2F
2-2: Ball
3-2: Strikes out swinging
Batting: RHB José Rodríguez 0-0: Called Strike
0-1: Called Strike
0-2: Ball
1-2: Ball
2-2: Ball
3-2: Strikes out swinging
Bottom of the 3rd over - 0 runs, 1 hit, 0 errors, 2 left on base; Lancaster 0 - Atlantic City 4
TOP OF THE 4TH
Lancaster Farmers batting - Pitching for Atlantic City Sonics : RHP Lincoln Spooner
Batting: LHB Tullu Amaad 0-0: Ball
1-0: Ball
2-0: Foul Ball, location: 2F
2-1: Ball
3-1: Base on Balls
Batting: RHB Gabe Cain 0-0: Ball
1-0: Called Strike
1-1: Swinging Strike
1-2: Strikes out swinging
Batting: LHB Mark Armstead 0-0: Called Strike
0-1: Swinging Strike
0-2: SINGLE (Line Drive, 4D)
Tullu Amaad to second
Batting: LHB Pancho Farías 0-0: Called Strike
0-1: Ball
1-1: Ball
2-1: Foul Ball, location: 2F
2-2: Fly out, F9 (Flyball, 9S)
Batting: RHB Cosmo Castanhedo 0-0: Foul Ball, location: 2F
0-1: Ball
1-1: Foul Ball, location: 2F
1-2: Foul Ball, location: 2F
1-2: Foul Ball, location: 2F
1-2: Ground out 4-3 (Groundball, 4)
Top of the 4th over - 0 runs, 1 hit, 0 errors, 2 left on base; Lancaster 0 - Atlantic City 4
BOTTOM OF THE 4TH
Atlantic City Sonics batting - Pitching for Lancaster Farmers : RHP Javier Contreras
Batting: RHB Alejandro Sánchez 0-0: Called Strike
0-1: Called Strike
0-2: Ball
1-2: Strikes out looking
Batting: RHB Randy Sheffield 0-0: Called Strike
0-1: Ball
1-1: Fly out, F9 (Line Drive, 89M)
Batting: SHB Luchino Salimbeni 0-0: Called Strike
0-1: SINGLE (Line Drive, 8LS)
Batting: LHB Ramón Garmendia 0-0: Ball
1-0: Ball
2-0: Fly out, F9 (Flyball, 9LSF)
Bottom of the 4th over - 0 runs, 1 hit, 0 errors, 1 left on base; Lancaster 0 - Atlantic City 4
TOP OF THE 5TH
Lancaster Farmers batting - Pitching for Atlantic City Sonics : RHP Lincoln Spooner
Batting: SHB Sven Spee 0-0: SINGLE (Groundball, 4MD)
Batting: RHB Juan Pedraza 0-0: Ball
1-0: Fly out, F9 (Flyball, 9)
Batting: SHB Robert La Caze 0-0: TRIPLE (Flyball, 8RXD)
Sven Spee scores
Batting: RHB Woodrow Terrebonne 0-0: Called Strike
0-1: Ball
1-1: Ground out 6-3 (Groundball, 6D)
Robert La Caze scores
Batting: LHB Tullu Amaad 0-0: SINGLE (Groundball, 34D)
Batting: RHB Gabe Cain 0-0: Called Strike
0-1: Ball
Wild Pitch!
Tullu Amaad to second
1-1: Ground out 4-3 (Groundball, 4)
Top of the 5th over - 2 runs, 3 hits, 0 errors, 1 left on base; Lancaster 2 - Atlantic City 4
BOTTOM OF THE 5TH
Atlantic City Sonics batting - Pitching for Lancaster Farmers : RHP Javier Contreras
Batting: RHB Jesús Guzmán 0-0: Ball
1-0: Ball
2-0: Foul Ball, location: 2F
2-1: Fly out, F7 (Flyball, 78D)
Batting: RHB Eddie Sachs 0-0: Called Strike
0-1: Ground out 5-3 (Groundball, 56S)
Batting: LHB Kelvin Abbott 0-0: Ball
1-0: Ball
2-0: Fly out, F9 (Flyball, 9LD)
Bottom of the 5th over - 0 runs, 0 hits, 0 errors, 0 left on base; Lancaster 2 - Atlantic City 4
TOP OF THE 6TH
Lancaster Farmers batting - Pitching for Atlantic City Sonics : RHP Lincoln Spooner
Batting: LHB Mark Armstead 0-0: Called Strike
0-1: Foul Ball, location: 2F
0-2: Ball
1-2: Foul Ball, location: 2F
1-2: Ball
2-2: SINGLE (Line Drive, 89M)
Pinch Runner at 1st Danijel van Aalten:
Batting: LHB Pancho Farías 0-0: Ball
1-0: Foul Ball, location: 2F
1-1: Swinging Strike
1-2: Foul Ball, location: 2F
1-2: Ball
2-2: Ball
3-2: Foul Ball, location: 2F
3-2: Fly out, F6 (Popup, P)
Batting: RHB Cosmo Castanhedo 0-0: Called Strike
0-1: Called Strike
Danijel van Aalten steals 2nd base
0-2: Strikes out looking
Batting: SHB Sven Spee 0-0: Ball
1-0: Called Strike
1-1: Ball
2-1: Ball
3-1: Called Strike
3-2: Base on Balls
Batting: RHB Juan Pedraza 0-0: Swinging Strike
0-1: Ball
1-1: Foul Ball, location: 2F
1-2: Foul Ball, location: 2F
1-2: Ball
2-2: Strikes out swinging passed ball, reaches first!
Danijel van Aalten to third
Sven Spee to second
Batting: SHB Robert La Caze 0-0: Foul Ball, location: 2F
0-1: Fielders Choice at 2nd, 5-4 (Groundball, 56)
Top of the 6th over - 0 runs, 1 hit, 0 errors, 3 left on base; Lancaster 2 - Atlantic City 4
BOTTOM OF THE 6TH
Atlantic City Sonics batting - Pitching for Lancaster Farmers : RHP Javier Contreras
Now in RF: Danijel van Aalten
Batting: RHB Karl Blanke 0-0: Foul Ball, location: 2F
0-1: SINGLE (Line Drive, 7LM)
Batting: RHB José Rodríguez 0-0: Ball
1-0: Ball
2-0: Foul Ball, location: 2F
2-1: Ground out 5-3 (Groundball, 5S)
Karl Blanke to second
Batting: RHB Alejandro Sánchez 0-0: Called Strike
0-1: Called Strike
0-2: Ball
1-2: Ball
2-2: SINGLE (Groundball, 56) (infield hit)
Karl Blanke to third
Batting: RHB Randy Sheffield 0-0: Ball
1-0: Called Strike
1-1: Swinging Strike
1-2: Ball
2-2: Ball
3-2: SINGLE (Line Drive, 6M)
Karl Blanke scores
Alejandro Sánchez to second
Batting: SHB Luchino Salimbeni 0-0: Ball
1-0: Fielders Choice at 2nd, 4-6 (Groundball, 4)
Alejandro Sánchez to third
Batting: LHB Ramón Garmendia 0-0: Ball
1-0: Ball
2-0: Ground out U3 (Groundball, 3)
Bottom of the 6th over - 1 run, 3 hits, 0 errors, 2 left on base; Lancaster 2 - Atlantic City 5
TOP OF THE 7TH
Lancaster Farmers batting - Pitching for Atlantic City Sonics : RHP Lincoln Spooner
Batting: RHB Woodrow Terrebonne 0-0: Called Strike
0-1: Fly out, F8 (Flyball, 8RS)
Batting: LHB Tullu Amaad 0-0: Called Strike
0-1: Foul Ball, location: 2F
0-2: Ball
1-2: Ground out 5-3 (Groundball, 56)
Batting: RHB Gabe Cain 0-0: Called Strike
0-1: Foul Ball, location: 2F
0-2: Strikes out swinging
Top of the 7th over - 0 runs, 0 hits, 0 errors, 0 left on base; Lancaster 2 - Atlantic City 5
BOTTOM OF THE 7TH
Atlantic City Sonics batting - Pitching for Lancaster Farmers : RHP Javier Contreras
Batting: RHB Jesús Guzmán 0-0: Ball
1-0: Called Strike
1-1: Ball
2-1: Called Strike
2-2: Foul Ball, location: 2F
2-2: Foul Ball, location: 2F
2-2: Fly out, F9 (Flyball, 9D)
Batting: RHB Eddie Sachs 0-0: Called Strike
0-1: Ball
1-1: Foul Ball, location: 2F
1-2: Fly out, F9 (Flyball, 9S)
Batting: LHB Kelvin Abbott 0-0: SINGLE (Line Drive, 89S)
Pitching: LHP Ammuc Mwenda
Batting: RHB Karl Blanke 0-0: Ball
1-0: SINGLE (Line Drive, 6M)
Kelvin Abbott to second
Runner from 2nd tries for 3rd, SAFE, no throw
Batting: RHB José Rodríguez 0-0: Ball
1-0: Foul Ball, location: 2F
1-1: Ball
2-1: Foul Ball, location: 2F
2-2: Fly out, F9 (Flyball, 9S)
Bottom of the 7th over - 0 runs, 2 hits, 0 errors, 2 left on base; Lancaster 2 - Atlantic City 5
TOP OF THE 8TH
Lancaster Farmers batting - Pitching for Atlantic City Sonics : RHP Lincoln Spooner
Now in CF: José López
Batting: RHB Danijel van Aalten 0-0: Ball
1-0: Ground out 1-3 (Groundball, P)
Batting: LHB Pancho Farías 0-0: Ball
1-0: Foul Ball, location: 2F
1-1: Called Strike
1-2: DOUBLE (Line Drive, 7LM)
Batting: RHB Cosmo Castanhedo 0-0: Foul Ball, location: 2F
0-1: Ball
1-1: Foul Ball, location: 2F
1-2: Ball
2-2: Foul Ball, location: 2F
2-2: Ball
3-2: Ground out 6-3 (Groundball, 6)
Pitching: RHP Pedro Reynoso
Batting: SHB Sven Spee 0-0: Ball
1-0: Foul Ball, location: 2F
1-1: Called Strike
1-2: Ground out 4-3 (Groundball, 4S)
Top of the 8th over - 0 runs, 1 hit, 0 errors, 1 left on base; Lancaster 2 - Atlantic City 5
BOTTOM OF THE 8TH
Atlantic City Sonics batting - Pitching for Lancaster Farmers : LHP Ammuc Mwenda
Batting: RHB Alejandro Sánchez 0-0: Ball
1-0: Ball
2-0: Fly out, F7 (Flyball, 7)
Batting: RHB Randy Sheffield 0-0: Called Strike
0-1: Ground out 6-3 (Groundball, 6M)
Batting: SHB Luchino Salimbeni 0-0: Ball
1-0: Ball
2-0: Called Strike
2-1: Ground out 4-3 (Groundball, 4)
Bottom of the 8th over - 0 runs, 0 hits, 0 errors, 0 left on base; Lancaster 2 - Atlantic City 5
TOP OF THE 9TH
Lancaster Farmers batting - Pitching for Atlantic City Sonics : RHP Pedro Reynoso
Pitching: LHP Todd Howell
Now in LF: Damon Grinter
Batting: RHB Juan Pedraza 0-0: Ball
1-0: Called Strike
1-1: Swinging Strike
1-2: SINGLE (Line Drive, 7S)
Batting: SHB Robert La Caze 0-0: Ball
1-0: Called Strike
1-1: Grounds into double play, 5-4-3 (Groundball, 56)
Batting: RHB Woodrow Terrebonne 0-0: Called Strike
0-1: Ball
1-1: Ball
2-1: Ball
3-1: Base on Balls
Batting: LHB Tullu Amaad 0-0: Ball
1-0: Foul Ball, location: 2F
1-1: Foul Ball, location: 2F
1-2: Ball
2-2: Strikes out swinging
Top of the 9th over - 0 runs, 1 hit, 0 errors, 1 left on base; Lancaster 2 - Atlantic City 5
Tuesday, December 19th, 2017 - OOTP Baseball 18.8 Build 76